 Dungeon Crawl Stone Soup version 0.29.1-15-g9cfb28693d (webtiles) character file.

Game seed: 15353337814534051385

3033 Mirro the Carver (level 9, -3/79 HPs)
             Began as a Black Draconian Berserker on Mar 5, 2023.
             Was an Elder of Trog.
             Slain by a hornet (5 damage)
             ... while paralysed by a hornet
             ... on level 8 of the Dungeon.
             The game lasted 00:41:12 (6894 turns).

Mirro the Carver (Black Draconian Berserker)        Turns: 6894, Time: 00:41:13

Health: -3/79      AC: 10    Str: 24    XL:     9   Next: 56%
Magic:  0/9        EV:  2    Int:  7    God:    Trog [****..]
Gold:   327        SH:  0    Dex: 11    Spells: 8/8 levels left

rFire   + . .      SeeInvis +   l - +9 falchion of Law {flame, rElec rF+}
rCold   + . .      Faith    .   s - orb {light}
rNeg    . . .      Spirit   +   (body armour unavailable)
rPois   .          Reflect  .   (helmet restricted)
rElec   +          Harm     .   c - +1 cloak
rCorr   .          Rampage  .   (no gloves)
Will    .....                   b - +0 pair of boots
Stlth   +.........              C - amulet of guardian spirit
HPRegen 0.23/turn               A - ring of flight
MPRegen 0.11/turn               (no ring)

@: paralysed, lethally poisoned (-3 -> -17), flying, slowed, glowing
A: breathe lightning, AC +7, unfitting armour, electricity resistance,
cold-blooded, see invisible, cold resistance 1
a: Breathe Lightning, Renounce Religion, Berserk, Trog's Hand, Brothers in Arms


You were on level 8 of the Dungeon.
You worshipped Trog.
Trog was greatly pleased with you.
You visited 1 branch of the dungeon, and saw 8 of its levels.

You collected 366 gold pieces.
You spent 39 gold pieces at shops.

Inventory:

Hand Weapons
 a - a +0 hand axe
 g - a +0 war axe
 l - the +9 falchion of Law (weapon) {flame, rElec rF+}
   (You found it on level 2 of the Dungeon)

   It burns those it strikes, dealing additional fire damage.
   Big, fiery blades are also staple armaments of hydra-hunters.
   rF:        It protects you from fire.
   rElec:     It insulates you from electricity.
Armour
 b - a +0 pair of boots (worn)
 c - a +1 cloak (worn)
 s - an orb of light (worn)
Jewellery
 A - a ring of flight (left hand)
 C - an amulet of guardian spirit (around neck)
Wands
 w - a wand of polymorph (11)
 E - a wand of acid (12)
Scrolls
 e - 2 scrolls of blinking {unknown}
 f - a scroll of vulnerability {unknown}
 i - a scroll of brand weapon {unknown}
 k - a scroll of magic mapping {unknown}
 m - a scroll of poison {unknown}
 n - 3 scrolls of identify {unknown}
 o - a scroll of silence {unknown}
 r - 4 scrolls of teleportation {unknown}
 t - 2 scrolls of enchant weapon {unknown}
 y - a scroll of immolation {unknown}
 z - a scroll of amnesia {unknown}
 D - a scroll of acquirement {unknown}
Potions
 d - 2 potions of brilliance {unknown}
 h - 4 potions of curing
 j - 2 potions of attraction
 p - 6 potions of might
 q - 3 potions of magic {unknown}
 u - a potion of haste
 v - a potion of invisibility
 x - a potion of flight {unknown}
 B - a potion of ambrosia {unknown}


   Skills:
 + Level 7.3 Fighting
 + Level 9.2 Long Blades
 + Level 3.9 Axes
 + Level 6.5 Dodging
 + Level 2.6 Stealth


You had 8 spell levels left.
You didn't know any spells.
Your spell library was empty.

Dungeon Overview and Level Annotations

Branches:
Dungeon (8/15)             Temple (0/1) D:4
   Lair: D:8-11

Altars:
Dithmenos
Kikubaaqudgha
Makhleb
Nemelex Xobeh
Okawaru
Qazlal
Trog

Shops:
D:2 [   D:6 *

Portals:
Bailey: D:8


Innate Abilities, Weirdness & Mutations

You can breathe wild blasts of lightning.
Your glossy black scales are hard. (AC +7)
You cannot fit into any form of body armour.
You are resistant to electric shocks. (rElec)
You are cold-blooded and may be slowed by cold attacks.
You have supernaturally acute eyesight. (SInv)
Your flesh is cold resistant. (rC+)


Message History

The water moccasin is moderately wounded.
You feel sick. The water moccasin misses you. The hornet closely misses you.
You slash the water moccasin! You burn the water moccasin.
You tail-slap the water moccasin.
The water moccasin is severely wounded.
You feel sick. The water moccasin closely misses you.
The hornet completely misses you.
An orc comes into view. It is wielding a +0 hand axe.
The hornet closely misses you. The water moccasin closely misses you.
The orc shouts!
You hit the hornet. You burn the hornet.
The hornet is moderately wounded.
You feel sick. The hornet misses you. The water moccasin closely misses you.
Unknown command.
You hit the hornet but do no damage.
The hornet is moderately wounded.
You feel sick. The hornet stings you.
* * * LOW HITPOINT WARNING * * *
You suddenly lose the ability to move!
The water moccasin bites you but does no damage.
You feel sick. The hornet stings you.
* * * LOW HITPOINT WARNING * * *
You feel yourself slow down.
The water moccasin bites you but does no damage.
The hornet stings you.
* * * LOW HITPOINT WARNING * * *
You feel as though you will be slow longer.
You feel sick. The water moccasin bites you.
* * * LOW HITPOINT WARNING * * *
You are lethally poisoned!
The water moccasin poisons you! The hornet stings you!
* * * LOW HITPOINT WARNING * * *
You feel as though you will be slow longer.
The water moccasin bites you but does no damage.
* * * LOW HITPOINT WARNING * * *
You feel very sick.
The hornet stings you but does no damage.
The water moccasin bites you but does no damage.
The hornet stings you.
You die...

. ###.###########
..#.#.#.#.#......
#...............
#$#.#.#.#......
...............
..#.#.#.#.#......
#....o..o.......
###.#.#o#S#.....# ##
#..?...oy@.#+##.. ...
#.#<#.#.#.## #######..
#..#..##..##.....#..#.#
##.....#.?..# #.#..#.#
#.....#.##.#
#.#..#.#### ##....#.#
.# #.........# #....'.#
# #.........'
#....####.# #.........#
#.........# #.#....#...


You could see a hornet, a water moccasin, 2 orc wizards and 2 orcs.

Vanquished Creatures
  Prince Ribbit (D:5)
  Menkaure (D:6)
  A water moccasin (D:6)
  Edmund (D:4)
  Duvessa (D:4)
  A sky beast (D:6)
  2 black bears
  2 orc warriors
  2 ice beasts
  3 ogres
  3 centaurs
  A phantom (D:4)
  2 bullfrogs (D:7)
  A necrophage (D:4)
  3 scorpions
  Dowan (D:4)
  An electric eel (D:7)
  2 jellies
  A hound (D:7)
  5 orc priests
  3 iguanas
  7 orc wizards
  Natasha (twice) (D:3)
  3 adders
  A white imp (D:7)
  2 ufetubi
  2 worms
  3 dart slugs
  37 orcs
  6 ball pythons
  6 endoplasms
  15 giant cockroaches
  12 goblins
  3 hobgoblins
  3 quokkas
  2 bats
  A frilled lizard (D:3)
  6 kobolds
  A rat (D:2)
  A butterfly (D:4)
151 creatures vanquished.

Vanquished Creatures (others)
  6 fungi (D:4)
6 creatures vanquished.

Grand Total: 157 creatures vanquished

Notes
Turn   | Place    | Note
-------+----------+-------------------------------------------
     0 | D:1      | Mirro the Draconian Berserker began the quest for the Orb.
     0 | D:1      | Reached XP level 1. HP: 19/19 MP: 1/1
   160 | D:1      | Reached XP level 2. HP: 26/26 MP: 2/2
   846 | D:2      | Reached XP level 3. HP: 6/33 MP: 3/3
  1360 | D:2      | Gained mutation: You have supernaturally acute eyesight.
                  | (SInv) [potion of mutation]
  1360 | D:2      | Gained mutation: Your flesh is cold resistant. (rC+)
                  | [potion of mutation]
  1760 | D:2      | Found Vexel's Armour Emporium.
  2068 | D:2      | Identified the +9 falchion of Law {flame, rElec rF+}
  2260 | D:3      | Reached XP level 4. HP: 40/40 MP: 4/4
  2458 | D:3      | Reached skill level 1 in Long Blades
  2470 | D:3      | Noticed Natasha
  2474 | D:3      | Killed Natasha
  2475 | D:3      | Reached skill level 1 in Stealth
  2475 | D:3      | Reached XP level 5. HP: 28/47 MP: 5/5
  2913 | D:3      | Noticed Natasha
  2919 | D:3      | Killed Natasha
  2951 | D:3      | Reached skill level 2 in Long Blades
  2954 | D:3      | Reached ** piety under Trog
  3129 | D:4      | Found a staircase to the Ecumenical Temple.
  3203 | D:4      | Noticed a phantom
  3220 | D:4      | Killed a phantom
  3221 | D:4      | Reached XP level 6. HP: 52/53 MP: 6/6
  3314 | D:4      | Reached skill level 3 in Long Blades
  3328 | D:4      | Noticed Edmund
  3358 | D:4      | Killed Edmund
  3359 | D:4      | Reached skill level 4 in Long Blades
  3418 | D:4      | Found an ancient bone altar of Kikubaaqudgha.
  3570 | D:4      | Reached skill level 5 in Fighting
  3570 | D:4      | Your scales start taking on a glossy black colour.
  3570 | D:4      | Reached XP level 7. HP: 47/61 MP: 7/7
  3570 | D:4      | Gained mutation: You are resistant to electric shocks.
                  | (rElec) [Black Draconian growth]
  3704 | D:4      | Found a bloodstained altar of Trog.
  3894 | D:4      | Noticed Duvessa
  3906 | D:4      | Killed Duvessa
  3907 | D:4      | Reached skill level 5 in Long Blades
  3907 | D:4      | Noticed Dowan
  3916 | D:4      | Killed Dowan
  4250 | D:5      | Entered Level 5 of the Dungeon
  4274 | D:5      | Found an iron altar of Okawaru.
  4283 | D:5      | Found a shadowy altar of Dithmenos.
  4292 | D:5      | Found a sparkling altar of Nemelex Xobeh.
  4409 | D:5      | Identified the +8 dagger of Maf Onaxuga {freeze, rCorr
                  | Int-5 Dex+2}
  4547 | D:5      | Reached skill level 6 in Long Blades
  4547 | D:5      | Reached XP level 8. HP: 47/69 MP: 8/8
  4759 | D:5      | Noticed Prince Ribbit
  4774 | D:5      | Killed Prince Ribbit
  4775 | D:5      | Reached skill level 5 in Dodging
  5135 | D:6      | Reached skill level 7 in Long Blades
  5194 | D:6      | Reached *** piety under Trog
  5233 | D:6      | Found a stormy altar of Qazlal.
  5262 | D:6      | Found Jotup's General Store.
  5297 | D:6      | Bought a potion of curing for 39 gold pieces
  5443 | D:6      | Noticed Menkaure
  5457 | D:6      | Killed Menkaure
  5458 | D:6      | Reached XP level 9. HP: 43/78 MP: 9/9
  5565 | D:6      | Reached skill level 8 in Long Blades
  6338 | D:7      | Found a burning altar of Makhleb.
  6456 | D:7      | Reached **** piety under Trog
  6584 | D:8      | Found a flagged portal.
  6663 | D:8      | Reached skill level 9 in Long Blades
  6891 | D:8      | Paralysed by a hornet for 3 turns
  6894 | D:8      | HP: 2/79 [poisoned by a water moccasin]
  6894 | D:8      | Slain by a hornet

Illustrated notes

Levels and vault maps discovered:
D:1:      minmay_arrival_loop, layout_basic
D:2:      layout_basic, serial_shops, shop, minmay_misc_feat_diagonals,
          chequers_serial_rivers_micro_e
D:3:      minmay_roachtagon, layout_basic, nicolae_elevator_lobby_asterisk,
          uniq_natasha
D:4:      layout_basic, bloody_trog, mainiacjoe_overflow_cross_hatched,
          minmay_temple_entry_butterflies, serial_corexii_hall,
          corexii_hall_statues_l, corexii_hall_statues_t,
          chequers_hall_statues_y, corexii_hall_statues_i, uniq_edmund,
          uniq_pikel, uniq_grinder, uniq_duvessa
D:5:      layout_basic, grunt_temple_overflow_diamond, uniq_prince_ribbit1
D:6:      layout_loops_cross, led_sif_pool, nicolae_qazlal_scattered_showers,
          serial_shops, kennysheep_mini, nicolae_diamond_shop, moated_statue,
          uniq_menkaure
D:7:      layout_cave_pods, makhleb_blood_cavern_becter, nrook_pool_corridor
D:8:      layout_basic, enter_bailey_3, st_stairs_9, serial_bayou_pond_c

Skill      XL: |  1  2  3  4  5  6  7  8  9 |
---------------+----------------------------+-----
Dodging        | 3 4 5 6 |  6.5
Fighting       | 4 5 6 7 |  7.3
Long Blades    | 1 2 4 6 7 9 |  9.2
Stealth        | 1 2 |  2.6
Axes           | |  3.9

Action                   |  1- 3 |  4- 6 |  7- 9 || total
-------------------------+-------+-------+-------++-------
Melee: Hand axe          |    23 |       |       ||    23
       War axe           |    52 |       |       ||    52
       Tailslap          |     6 |     8 |    17 ||    31
       Falchion          |     4 |    95 |   175 ||   274
 Abil: Breathe Lightning |       |       |     6 ||     6
  Use: Potion            |     1 |     1 |     1 ||     3
 Stab: Sleeping          |     2 |       |       ||     2
Armor: Skin              |    47 |    33 |    80 ||   160
Dodge: Dodged            |    78 |    53 |   151 ||   282
